← All builds
Front / Legion / Economy first / OBSERVED BUILD

Standard front

Legion Front build order · Supreme Isthmus

Builds a Legion Vehicle Plant immediately, fights with Lance and Barrage toward middle, and takes an Advanced Metal Extractor around 9:22 as the standard eco-first Front play.

#eco · 56 distinct matches · 24 players · 81% of Legion Front games · team won 58% of 59 · Recently observed

HOW TO PLAY IT

Key timing: Legion Vehicle Plant by 0:55

  1. Take mex and wind, then rush Legion Vehicle Plant immediately.
  2. Finish Legion Vehicle Plant fast to start Barrage and Lance.
  3. Send first units to the coast to stop leaks, not middle.
  4. Push Barrage and Lance to the coast line before moving to mid.
  5. Add Advanced Metal Extractor and keep mixed vehicle army flowing.

Phase by phase

TYPICAL OF ITS 56 GAMES
  1. 1
  2. 2
  3. 3
PLAY THE OPENING

Follow the example game's first 6:00 step by step: what to build now, what comes next, and where it goes. At 1× it keeps pace with your own game.

  1. 1

    Up to the Legion Vehicle Plant

    Economy
    • Metal Extractor2Mex
    • Wind Turbine1Wind
    Order
    1. Legion Vehicle PlantLegion Vehicle Plant after 2 mex, 1 winddone ~0:47, middle half 0:37–0:55

    By 0:24 in all: 2 mex · 1 wind

    The example game in this phase · 3 steps
    1. Mex
    2. Wind
    3. Legion Bot LabLegion Bot Labdone 0:33
  2. 2

    Legion Vehicle Plant to 5:00

    Economy
    • Metal Extractor4Mex
    • Wind Turbine7Wind
    Builders
    • Legion Construction Vehicle2 Legion Construction Vehicle
    Army
    • Pharos3 Pharos
    • Wheelie3 Wheelie
    • Lance3 Lance
    • Barrage2 Barrage

    Some games also: Decurion (47%) · con turret (41%) · Radar Tower (37%)

    By 5:00 in all: 6 mex · 8 wind

    The example game in this phase · 44 steps
    1. GoblinGoblin ×3
    2. ZagreusZagreus
    3. GoblinGoblin
    4. ZagreusZagreus
    5. Wind
    6. Legion Construction BotLegion Construction Bot
    7. Mex
    8. Legion Construction BotLegion Construction Bot
    9. BallistaBallista
    10. Mex
    11. BallistaBallista
    12. Legion Construction BotLegion Construction Bot
    13. BallistaBallista
    14. Mex ×2
    15. BallistaBallista ×2
    16. SatyrSatyr
    17. PharosPharos
    18. Con turret
    19. SatyrSatyr ×2
    20. Mex
    21. SatyrSatyr
    22. BallistaBallista
    23. Wind
    24. Radar TowerRadar Tower
    25. Wind
    26. BallistaBallista
    27. Wind
    28. Mex
    29. BallistaBallista
    30. Wind
    31. PharosPharos
    32. BallistaBallista
    33. Wind ×2
    34. BallistaBallista
    35. Wind
    36. BallistaBallista
    37. Wind ×2
    38. BallistaBallista
    39. Wind
    40. Mex
    41. BallistaBallista
    42. Wind ×2
    43. BallistaBallista
    44. Wind
  3. 3

    5:00 to 10:00

    Economy
    • Metal Extractor1Mex
    • Wind Turbine17Wind
    Builders
    • Construction Turret1 Con turret
    Army
    • Pharos2 Pharos
    • Lance3 Lance

    Some games also: Decurion (46%) · Legion Construction Vehicle (46%) · energy storage (42%) · Radar Tower (41%) · Barrage (39%)

    By 10:00 in all: 7 mex · 24 wind · 1 energy storage · 2 con turret

    The example game in this phase · 100 steps
    1. BallistaBallista
    2. Wind ×2
    3. BallistaBallista
    4. Wind
    5. BallistaBallista
    6. Wind
    7. BallistaBallista
    8. Wind ×2
    9. BallistaBallista
    10. ZagreusZagreus
    11. Wind
    12. ZagreusZagreus
    13. Wind
    14. Legion Construction BotLegion Construction Bot
    15. Wind
    16. Energy storage
    17. Con turret
    18. ZagreusZagreus
    19. Con turret
    20. SatyrSatyr
    21. Wind ×2
    22. SatyrSatyr
    23. Wind
    24. SatyrSatyr
    25. Wind
    26. BrambleBramble
    27. Wind
    28. SatyrSatyr
    29. Wind ×2
    30. SatyrSatyr
    31. Wind ×2
    32. SatyrSatyr
    33. Wind
    34. SatyrSatyr
    35. Wind ×2
    36. SatyrSatyr
    37. Wind
    38. SatyrSatyr
    39. Wind ×2
    40. SatyrSatyr
    41. Wind
    42. SatyrSatyr
    43. Wind ×2
    44. SatyrSatyr
    45. Wind ×2
    46. SatyrSatyr
    47. Con turret
    48. Wind
    49. Legion Bot LabLegion Bot Labdone 8:02
    50. SatyrSatyr
    51. Wind
    52. SatyrSatyr
    53. Wind
    54. SatyrSatyr ×2
    55. Wind ×2
    56. SatyrSatyr ×2
    57. Wind
    58. SatyrSatyr
    59. Wind
    60. SatyrSatyr
    61. Wind
    62. SatyrSatyr
    63. Wind
    64. SatyrSatyr ×2
    65. Con turret
    66. Wind
    67. SatyrSatyr ×2
    68. Radar TowerRadar Tower
    69. SatyrSatyr
    70. Wind
    71. SatyrSatyr
    72. Wind
    73. SatyrSatyr
    74. Wind
    75. SatyrSatyr ×2
    76. Mex
    77. SatyrSatyr ×3
    78. Wind
    79. SatyrSatyr ×3
    80. Wind
    81. SatyrSatyr ×3
    82. Wind
    83. SatyrSatyr ×2
    84. Advanced Metal ExtractorT2 mexdone 9:09 · typical 9:13
    85. Wind
    86. Mex
    87. SatyrSatyr ×6
    88. Wind
    89. SatyrSatyr ×2
    90. Mex
    91. SatyrSatyr
    92. Advanced Metal ExtractorT2 mex
    93. SatyrSatyr
    94. BrambleBramble
    95. Wind
    96. SatyrSatyr ×4
    97. PharosPharos
    98. SatyrSatyr ×8
    99. Advanced Metal ExtractorT2 mex
    100. SatyrSatyr ×3

Counts are medians over the build's games: half of them build more, half fewer. The example game is Hannodins's (36 OS, 14/10/2026); pick another.

Team trades

IN AT LEAST 30% OF ITS GAMES

You hand over

Nothing regular.

You get

  • Tidal Generator4 Tidal from Pondfirst at 0:15 · in 39% of games
  • Tidal Generator4 Tidal from Pondfirst at 0:17 · in 34% of games
  • Advanced Construction Bot1 T2 con bot from Geo or Techfirst at 7:21 · in 46% of games

How it plays out

Typical game of this build, running totals by minute

Metal produced

010k20k30k
0:005:0010:0015:00

metal

Enemy metal destroyed

02.5k5k7.5k
0:005:0010:0015:00

metal

Own metal lost

05k10k
0:005:0010:0015:00

metal

59 games.

Show as table
ByMetal produced: This buildEnemy metal destroyed: This buildOwn metal lost: This build
1:0033000
2:008382123
3:0016389369
4:002737275204
5:003791660400
6:0049471490930
7:00609523701439
8:00734930131961
9:00889037552931
10:001041143813770
11:001252947474213
12:001457657794939
13:001624661086040
14:001891267966680
15:002093572128266
WHAT THE NUMBERS SAY

Standard front play, won more often than the other front position's economy-first build with less metal produced.

  • + Won 59% of games despite producing less metal than Geo sea's build.
  • − Loses more metal early than it destroys (333 lost vs 602 destroyed by 5:00 is the only positive window).
THE EXAMPLE YOU ARE READING

Hannodins

36.2 OS · 14/10/2026

Open source match ↗

5 received units · includes a constructor
286 metal received · 5135 energy received

Allied construction assistance is unknown. Timings are observations, not a promise of solo reproducibility.

Typical milestones

Legion Vehicle Plant0:47Middle 50%: 0:37–0:55 · n=42
Advanced Metal Extractor9:13Middle 50%: 8:38–10:20 · n=39

Played most by

Hummell13games of this buildXuunnY8games of this buildXXMACGAMERXX5games of this build[Crd]Atlas4games of this buildTheGeneraI3games of this build